 Dungeon Crawl Stone Soup version 0.20-a0-277-g7db01f4 (webtiles) character file.

5853 mopl the Covert (level 10, -1/52 HPs)
             Began as a Deep Elf Assassin on Dec 13, 2016.
             Was an Elder of Okawaru.
             Slain by a seven-headed hydra (9 damage)
             ... on level 9 of the Dungeon.
             The game lasted 00:23:36 (11348 turns).

mopl the Covert (Deep Elf Assassin)                Turns: 11348, Time: 00:23:38

Health: -1/52      AC:  9    Str: 12    XL:     10   Next: 52%
Magic:  11/12      EV: 21    Int: 17    God:    Okawaru [****..]
Gold:   177        SH:  9    Dex: 19    Spells: 1/9 levels left

rFire  + . .     SeeInvis .     Y - +4 scimitar (flame)
rCold  . . .     Gourm    .     G - +2 robe {MR+}
rNeg   . . .     Faith    .     f - +0 buckler
rPois  +         Spirit   .     D - +0 helmet
rElec  .         Reflect  +     d - +0 cloak
rCorr  .         Harm     .     N - +0 pair of gloves
MR     ++...                    s - +0 pair of boots
Stlth  +++++++...               T - amulet "Piorgh" {Reflect rPois Str+4 SH+3}
                                X - ring of protection from fire
                                v - +4 ring of evasion

@: heroism
A: no striking features
a: Heroism, Renounce Religion


You were on level 9 of the Dungeon.
You worshipped Okawaru.
Okawaru was greatly pleased with you.
You were not hungry.

You visited 2 branches of the dungeon, and saw 10 of its levels.
You also visited: Ossuary.

You collected 397 gold pieces.
You spent 220 gold pieces at shops.

Inventory:

Hand Weapons
 a - a +0 dagger of electrocution
 b - a +0 blowgun
 Y - a +4 scimitar of flaming (weapon)
Missiles
 e - 9 poisoned needles
 S - 5 curare-tipped needles
 U - 5 javelins of returning (quivered)
Armour
 d - a +0 cloak (worn)
 f - a +0 buckler (worn)
 q - a +0 large shield
 s - a +0 pair of boots (worn)
 D - a +0 helmet (worn)
 G - a +2 robe of magic resistance (worn)
 N - a +0 pair of gloves (worn)
 Z - a +0 troll leather armour
Jewellery
 v - a +4 ring of evasion (left hand)
 T - the amulet "Piorgh" (around neck) {Reflect rPois Str+4 SH+3}
   (You bought it in a shop on level 7 of the Dungeon)

   [amulet of reflection]

   It shields you and reflects attacks.
   It affects your strength (+4).
   It protects you from poison.
   It affects your SH (+3).
 V - an uncursed amulet of regeneration
 X - a ring of protection from fire (right hand)
Wands
 m - a wand of lightning (0/15)
 r - a wand of iceblast (3/15)
 I - a wand of iceblast (5/15)
 K - a wand of teleportation (4/9)
 L - a wand of confusion (17/48)
 O - a wand of confusion (24/48)
Scrolls
 h - 2 scrolls of magic mapping {unknown}
 i - 3 scrolls of fear {unknown}
 j - 4 scrolls of fog {unknown}
 o - 4 scrolls of remove curse {unknown}
 t - 4 scrolls of noise {unknown}
 y - 3 scrolls of teleportation {unknown}
 C - 2 scrolls of enchant weapon {unknown}
 M - a scroll of enchant armour {unknown}
 W - 2 scrolls of immolation {unknown}
Potions
 k - 4 potions of berserk rage {!q}
 l - 2 potions of agility
 n - a potion of magic
 p - a potion of heal wounds
 w - 2 potions of flight
 z - a potion of brilliance
 A - a potion of resistance
 B - 3 potions of curing
 E - 2 potions of invisibility {unknown}
 F - 3 potions of cure mutation {unknown}
 H - 2 potions of mutation {unknown}
 J - a potion of degeneration {unknown}
 Q - 3 potions of haste {unknown}
Books
 P - a book of Maledictions

   Spells                             Type                      Level
   a - Corona                         Hexes                        1
   b - Ensorcelled Hibernation        Hexes/Ice                    2
   c - Confuse                        Hexes                        3
   d - Tukima's Dance                 Hexes                        3
   e - Dazzling Spray                 Conjuration/Hexes            3
 R - a book of Frost

   Spells                             Type                      Level
   a - Freeze                         Ice                          1
   b - Throw Frost                    Conjuration/Ice              2
   c - Ozocubu's Armour               Charms/Ice                   3
   d - Throw Icicle                   Conjuration/Ice              4
   e - Summon Ice Beast               Ice/Summoning                4
Comestibles
 c - 6 slices of pizza
 g - 6 bread rations
 u - 5 meat rations
 x - 22 fruits


   Skills:
 - Level 1.5(6.5) Fighting
 * Level 8.8(13.8) Short Blades
 * Level 9.0(14.0) Throwing
 - Level 1.2(6.2) Dodging
 * Level 11.9(16.9) Stealth
 + Level 2.4(7.4) Shields
 + Level 5.5 Hexes


You had one spell level left.
You knew the following spells:

 Your Spells              Type           Power        Failure   Level  Hunger
a - Dazzling Spray        Conj/Hex       #.....       24%         3    ####...
b - Ensorcelled Hibernat  Hex/Ice        #.....       14%         2    ###....
c - Confuse               Hex            ###.....     10%         3    ####...


Dungeon Overview and Level Annotations

Branches:
Dungeon (9/15)             Temple (1/1) D:6
   Lair: D:8-11         Orc: D:9-12

Altars:
Cheibriados
Dithmenos
Fedhas
Gozag
Hepliaklqana
Kikubaaqudgha
Makhleb
Nemelex Xobeh
Okawaru
Qazlal
Ru
Trog
Vehumet
Xom
Zin
The Shining One

Shops:
D:5 =   D:6 (   D:7 *

Annotations:
D:4 Grinder


Message History

Evoking this partially-identified wand wasted a few charges.
Unknown command.
Wield which item (- for none, * to show all)? (? for menu, Esc to quit)
Your +0 dagger of electrocution stops crackling.
Your +4 scimitar of flaming bursts into flame!
Y - a +4 scimitar of flaming (weapon)
You block the seven-headed hydra's attack.
The seven-headed hydra bites you.
The seven-headed hydra bites you but does no damage.
The seven-headed hydra closely misses you.
The seven-headed hydra bites you! x2
The seven-headed hydra bites you but does no damage.
Unknown command.
You hit the seven-headed hydra. You burn the seven-headed hydra.
The seven-headed hydra is severely wounded.
The seven-headed hydra closely misses you.
The seven-headed hydra bites you!
* * * LOW HITPOINT WARNING * * *
The seven-headed hydra bites you!
You die...

### #...###..#########
#...# #..........#
##..###..#######.#
#.......# #.# ###...###
#.# # ##.....## #.# ##
##.......## #..#
.####.........####=..####
....+.........'.@D...?...
.####.........####...##..
## ##.<.)...## ##.## #
##..=..## #o.. ##...##
#o### ##'## #.## #[# #..
#########.# #.#
..........#########.#


You could see a seven-headed hydra.

Vanquished Creatures
  A hydra (D:8)
  Erica (D:8)
  A troll (D:8)
  2 dream sheep (D:8)
  A wyvern (D:7)
  Eustachio (D:5)
  2 yaks (D:8)
  Grum (D:8)
  2 sky beasts (D:9)
  A black bear (D:7)
  An ice beast (D:9)
  3 ogres
  2 wolves (D:8)
  2 crocodiles
  4 big kobolds
  Blork the orc (D:5)
  3 elf zombies (Ossuary)
  A wyvern zombie (D:9)
  2 bullfrogs
  A scorpion (D:8)
  8 wights
  3 howler monkeys
  4 crimson imps
  2 centaur zombies
  A jelly (D:9)
  3 hounds
  4 orc priests
  2 bullfrog skeletons
  4 orc wizards
  Jessica (D:3)
  An iguana (D:9)
  3 worker ants
  2 big kobold zombies (Ossuary)
  A hound zombie (D:8)
  2 mummies (Ossuary)
  8 gnolls
  A howler monkey skeleton (D:5)
  5 adders
  A shadow imp (D:5)
  An adder zombie (D:6)
  A worm zombie (D:6)
  4 worms
  2 dart slugs
  5 leopard geckos
  23 orcs
  A ball python (D:2)
  8 bats
  6 giant cockroaches
  8 goblins
  4 hobgoblins
  12 jackals
  2 quokkas
  A frilled lizard (D:2)
  A goblin zombie (Ossuary)
  10 hobgoblin zombies (Ossuary)
  A jackal zombie (D:6)
  17 kobolds
  10 kobold zombies (Ossuary)
  10 orc zombies (Ossuary)
  A quokka zombie (D:6)
  10 rats
  A rat zombie (Ossuary)
  A bush (D:1)
  A plant (D:1)
230 creatures vanquished.

Notes
Turn   | Place    | Note
-------+----------+-------------------------------------------
     0 | D:1      | mopl the Deep Elf Assassin began the quest for the Orb.
     0 | D:1      | Reached XP level 1. HP: 12/12 MP: 3/3
    20 | D:1      | Reached skill level 5 in Stealth
   217 | D:1      | Reached XP level 2. HP: 16/16 MP: 4/4
  1228 | D:2      | Reached XP level 3. HP: 18/20 MP: 5/5
  1927 | D:2      | Reached skill level 3 in Short Blades
  1927 | D:2      | Reached XP level 4. HP: 25/25 MP: 6/6
  2337 | D:2      | Reached skill level 3 in Throwing
  2405 | D:2      | Reached skill level 6 in Stealth
  3400 | D:3      | Reached XP level 5. HP: 29/29 MP: 7/7
  3606 | D:3      | Noticed Jessica
  3610 | D:3      | Killed Jessica
  3731 | D:3      | Noticed an ogre
  3740 | D:3      | Killed an ogre
  3740 | D:3      | Reached XP level 6. HP: 34/34 MP: 8/8
  3868 | D:3      | Reached skill level 4 in Throwing
  4140 | D:4      | Noticed Grinder
  4419 | D:4      | Reached skill level 4 in Short Blades
  4419 | D:4      | Reached skill level 7 in Stealth
  4747 | D:4      | Found a stormy altar of Qazlal.
  4818 | D:5      | Entered Level 5 of the Dungeon
  5070 | D:5      | Noticed Blork the orc
  5081 | D:5      | Killed Blork the orc
  5108 | D:5      | Reached XP level 7. HP: 38/38 MP: 9/9
  5232 | D:5      | Found a hazy altar of Hepliaklqana.
  5325 | D:5      | Noticed Eustachio
  5520 | D:5      | Killed Eustachio
  5520 | D:5      | Reached skill level 5 in Short Blades
  5520 | D:5      | Reached skill level 5 in Throwing
  5520 | D:5      | Reached skill level 8 in Stealth
  5778 | D:5      | Found Geufeubu's Jewellery Emporium.
  6026 | D:6      | Found a sand-covered staircase.
  6071 | Ossuary  | Entered an ossuary
  6493 | Ossuary  | Reached XP level 8. HP: 15/43 MP: 10/10
  6654 | D:6      | Found a staircase to the Ecumenical Temple.
  6668 | Temple   | Entered the Ecumenical Temple
  6715 | Temple   | Became a worshipper of Warmaster Okawaru
  6798 | D:6      | Reached skill level 9 in Stealth
  6801 | D:6      | Reached skill level 6 in Throwing
  6812 | D:6      | Found Xiron's Weapon Shop.
  6896 | D:6      | Reached skill level 6 in Short Blades
  7333 | D:6      | Learned a level 2 spell: Ensorcelled Hibernation
  7500 | D:6      | Learned a level 3 spell: Dazzling Spray
  7674 | D:7      | Found Soqijaus's Assorted Antiques.
  7914 | D:7      | Bought a sparkling silver amulet for 160 gold pieces
  7914 | D:7      | Bought a scroll labeled QAUFUJUROGE for 32 gold pieces
  7914 | D:7      | Bought a fizzy yellow potion for 28 gold pieces
  7914 | D:7      | Identified the amulet "Piorgh" {Reflect rPois Str+4 SH+3} (You bought it in a shop on level 7 of the Dungeon)
  8093 | D:7      | Reached skill level 1 in Hexes
  8566 | D:8      | Noticed Erica
  8622 | D:8      | Killed Erica
  8622 | D:8      | Reached * piety under Okawaru
  8622 | D:8      | Reached ** piety under Okawaru
  8622 | D:8      | Reached skill level 7 in Short Blades
  8622 | D:8      | Reached skill level 7 in Throwing
  8622 | D:8      | Reached skill level 10 in Stealth
  8622 | D:8      | Reached skill level 2 in Hexes
  8622 | D:8      | Reached XP level 9. HP: 40/47 MP: 11/11
  8980 | D:8      | Found a shimmering altar of Xom.
  9046 | D:8      | Reached skill level 3 in Hexes
  9262 | D:8      | Reached skill level 1 in Shields
  9564 | D:8      | Reached *** piety under Okawaru
  9564 | D:8      | Reached skill level 8 in Throwing
  9564 | D:8      | Reached skill level 11 in Stealth
  9591 | D:8      | Reached skill level 8 in Short Blades
  9591 | D:8      | Reached skill level 4 in Hexes
  9742 | D:8      | Noticed a two-headed hydra
  9747 | D:8      | Killed a two-headed hydra
  9747 | D:8      | Reached XP level 10. HP: 52/52 MP: 12/12
  9907 | D:8      | Reached **** piety under Okawaru
  9982 | D:8      | Noticed Grum
 10013 | D:8      | Reached skill level 2 in Shields
 10019 | D:8      | Killed Grum
 10087 | D:8      | Received a gift from Okawaru
 10392 | D:9      | Reached skill level 5 in Hexes
 10542 | D:9      | Learned a level 3 spell: Confuse
 10673 | D:9      | Found a snail-covered altar of Cheibriados.
 11015 | D:9      | Reached skill level 9 in Throwing
 11169 | D:9      | Found a burning altar of Makhleb.
 11235 | D:9      | Noticed a seven-headed hydra
 11348 | D:9      | Slain by a seven-headed hydra

Vault maps used:
D:1:      grunt_arrival_lava_bath, serial_forest, infiniplex_forest_split,
          infiniplex_forest_lined_3_way, infiniplex_forest_lined_2,
          infiniplex_forest_clump_small, infiniplex_forest_lined_4_way,
          infiniplex_forest_end_1, infiniplex_forest_clump_curved,
          infiniplex_forest_clump_long, infiniplex_forest_end_3, st_stairs_13
D:2:      first_bread
D:3:      uniq_jessica
D:4:      serial_shops, shop_statue, nicolae_qazlal_eye_of_the_storm,
          uniq_grinder
D:5:      lemuel_doored_altar, serial_shops, nicolae_shop_behind_doors,
          grunt_ministairs_10, uniq_blork_the_orc, uniq_eustachio
D:6:      serial_shops, shop, enter_ossuary_3, nrook_mini_vaults
D:7:      serial_shops, nicolae_shop_temple_entry_statues_fountains
D:8:      basic_altar, hangedman_ranch, uniq_erica, uniq_grum
D:9:      makhleb_grotto_becter, cheibrodos_worm_habitat
Temple:   eino_narrow_crystal_temple
Ossuary:  ossuary_tomb_1

Skill      XL: |  1  2  3  4  5  6  7  8  9 10 |
---------------+-------------------------------+-----
Stealth        | 5 6 7 8 10 11 | 11.9
Short Blades   | 3 4 5 7 8 |  8.8
Throwing       | 3 4 5 7 8 9 |  9.0
Hexes          | 2 4 5 |  5.5
Shields        | 1 2 |  2.4
Fighting       | |  1.5
Dodging        | |  1.2

Action                   |  1- 3 |  4- 6 |  7- 9 | 10-12 || total
-------------------------+-------+-------+-------+-------++-------
Melee: Dagger            |   110 |   162 |   468 |   148 ||   888
       Scimitar          |       |       |       |     1 ||     1
 Fire: Blowgun           |    14 |    20 |    29 |    21 ||    84
Throw: Javelin           |       |       |       |     1 ||     1
 Cast: Ensorcelled Hiber |       |       |     1 |       ||     1
Invok: Heroism           |       |       |     2 |     5 ||     7
Evoke: Wand              |       |       |       |     5 ||     5
  Use: Scroll            |       |       |     8 |     1 ||     9
       Potion            |       |       |     2 |       ||     2
 Stab: Sleeping          |    11 |    18 |    18 |     9 ||    56
       Distracted        |       |       |     4 |     1 ||     5
  Eat: Chunk             |     3 |    10 |    12 |     4 ||    29
       Royal jelly       |       |       |     1 |       ||     1
       Fruit             |       |       |     1 |       ||     1
       Beef jerky        |       |       |       |     1 ||     1
Armor: Robe              |    13 |    34 |    68 |    19 ||   134
Dodge: Dodged            |    25 |    97 |   237 |    49 ||   408
Block: Other             |       |       |     2 |       ||     2
       Buckler           |       |       |    11 |    33 ||    44
